 Dungeon Crawl Stone Soup version 0.32-a0-996-gb3226c233f (webtiles) character file.

Game seed: 15696045431816398055

1568126 GordonOverkill the Conqueror (level 26, 229/229 (239) HPs)
             Began as a Grey Draconian Delver on Apr 23, 2024.
             Was the Champion of Ru.
             Escaped with the Orb
             ... and 3 runes on Apr 24, 2024!
             The game lasted 02:22:29 (81324 turns).

GordonOverkill the Conqueror (DrDe)                Turns: 81324, Time: 02:22:30

HP:   229/229 (239) AC: 27    Str: 38    XL:     26   Next: 91%
MP:   20/20         EV: 23    Int: 15    God:    Ru [******]
Gold: 1433          SH: 25    Dex: 16    Spells: 24/25 levels left

rFire   + + .        a - +9 broad axe (venom)
rCold   + + +        K - +2 shield of Resistance {rF++ rC++ Will++}
rNeg    . . .        (body armour unavailable)
rPois   +            b - +2 hat
rElec   +            d - +0 cloak of Starshine {rC+ Will+ rCorr Slay+3}
rCorr   +            A - +2 pair of gloves {Dex+3}
SInv    .            U - +3 pair of boots "Hupubynarph" {Rampage Will+ Int+3}
Will    +++++        g - amulet "Adecilyo" {Reflect rPois Str+4 SH+5} Stlth
                     t - ring of Junicsytz {^Drain Will+ Str+4 Stlth+}
HPRegen 1.38/turn    n - ring "Qudynaini" {rElec rPois Str+5 Slay+3}
MPRegen 0.17/turn

%: reflection, rampage
@: studying Translocations, lightly drained
A: mud breath, mud-swimmer, AC +17, amphibious, unfitting armour, frail 1, low
MP 1, cold-blooded, no stealth, hated by all, no conjurations magic, no ice
magic, no alchemy magic, disrupted magic 1, no forms, hooves 1, sense
surroundings 1, regeneration 1, screaming 1
0: Orb of Zot
}: 3/15 runes: decaying, serpentine, silver
a: Mud Breath, Renounce Religion, Draw Out Power, Power Leap, Apocalypse


You escaped.
You worshipped Ru.
Ru was exalted by your worship.
You visited 9 branches of the dungeon, and saw 47 of its levels.
You visited the Abyss 1 time.
You visited 2 bazaars.
You also visited: Bailey, Gauntlet, Ice Cave, Volcano and Wizlab.

You collected 9672 gold pieces.
You spent 8239 gold pieces at shops.

Inventory:

Hand Weapons
 a - a +9 broad axe of venom (weapon)
 e - the +11 war axe of Symmetry {antimagic, Str+4 Stlth+}
   (You found it on level 15 of the Dungeon)

   Str+4:     It affects your strength (+4).
   Stlth+:    It makes you more stealthy.
 G - a +6 broad axe of draining
Missiles
 S - 3 throwing nets (quivered)
Armour
 b - a +2 hat (worn)
 d - the +0 cloak of Starshine (worn) {rC+ Will+ rCorr Slay+3}
   (You acquired it on level 4 of the Swamp)

   Slay+3:    It affects your accuracy & damage with ranged weapons and melee
   (+3).
   rC+:       It protects you from cold.
   Will+:     It increases your willpower.
   rCorr:     It protects you from acid and corrosion.
 A - a +2 pair of gloves of dexterity (worn)
 K - the +2 shield of Resistance (worn) {rF++ rC++ Will++}
   (You bought it in a shop on level 4 of the Depths)

   rF++:      It greatly protects you from fire.
   rC++:      It greatly protects you from cold.
   Will++:    It greatly increases your willpower.
 U - the +3 pair of boots "Hupubynarph" (worn) {Rampage Will+ Int+3}
   (You found it in a Gauntlet)

   Int+3:     It affects your intelligence (+3).
   Will+:     It increases your willpower.
   Rampage:   It bestows one free step when moving towards enemies.
Jewellery
 g - the amulet "Adecilyo" (around neck) {Reflect rPois Str+4 SH+5}
   (You found it on level 6 of the Dungeon)

   [amulet of reflection]

   Reflect:   It reflects blocked missile attacks.
   Str+4:     It affects your strength (+4).
   rPois:     It protects you from poison.
   SH+5:      It affects your SH (+5).
 n - the ring "Qudynaini" (right hand) {rElec rPois Str+5 Slay+3}
   (You took it off a deep elf annihilator on level 3 of the Elven Halls)

   [ring of poison resistance]

   Str+5:     It affects your strength (+5).
   Slay+3:    It affects your accuracy & damage with ranged weapons and melee
   (+3).
   rElec:     It insulates you from electricity.
   rPois:     It protects you from poison.
 t - the ring of Junicsytz (left hand) {^Drain Will+ Str+4 Stlth+}
   (You found it on level 2 of the Lair of Beasts)

   [ring of willpower]

   Str+4:     It affects your strength (+4).
   Will+:     It increases your willpower.
   ^Drain:    It drains your maximum health when unequipped.
   Stlth+:    It makes you more stealthy.
 C - a ring of protection from fire
 F - the ring "Deta" {Wiz rElec rC+}
   (You found it on level 4 of the Depths)

   [ring of wizardry]

   Wiz:       It improves your spell success rate.
   rC+:       It protects you from cold.
   rElec:     It insulates you from electricity.
 L - a ring of positive energy
 O - a ring of see invisible
Wands
 f - a wand of digging (1)
 w - a wand of light (26)
 B - a wand of iceblast (49)
 P - a wand of flame (18)
 V - a wand of mindburst (28)
Scrolls
 c - 4 scrolls of revelation
 h - 28 scrolls of teleportation
 i - 3 scrolls of enchant armour
 k - 16 scrolls of fog
 m - 8 scrolls of vulnerability
 q - 13 scrolls of noise
 y - 12 scrolls of poison
 z - 7 scrolls of fear
 D - 7 scrolls of amnesia
 H - 6 scrolls of immolation
 Q - 11 scrolls of blinking
 R - 3 scrolls of silence
 W - 25 scrolls of identify
Potions
 j - 6 potions of magic
 l - 2 potions of attraction
 o - 9 potions of might
 p - 5 potions of cancellation
 r - 14 potions of enlightenment
 u - 5 potions of lignification
 v - 6 potions of invisibility
 x - 22 potions of curing
 E - 4 potions of resistance
 I - 11 potions of heal wounds
 M - 3 potions of berserk rage
 N - 4 potions of mutation
 T - 7 potions of haste
 Y - 4 potions of brilliance
 Z - 4 potions of ambrosia
Miscellaneous
 s - a tin of tremorstones (2/2)
 J - a lightning rod (4/4)
 X - a Gell's gravitambourine (2/2)


   Skills:
 O Level 27 Fighting
 - Level 2.0 Short Blades
 O Level 27 Axes
 - Level 4.6(18.5) Maces & Flails
 + Level 20.5 Dodging
 O Level 27 Shields
 - Level 17.0 Evocations


You had 24 spell levels left.
You knew the following spells:

 Your Spells              Type           Power      Damage    Failure   Level
a - Apportation           Tloc           0%         N/A       34%         1

Your spell library contained the following spells:

 Spells                   Type           Power      Damage    Failure   Level
 Necrotise                Necr           0%         1d4       34%         1
 Sandblast                Erth           0%         2d4       34%         1
 Slow                     Hex            0%         N/A       34%         1
 Blink                    Tloc           0%         N/A       47%         2
 Jinxbite                 Hex            0%         N/A       47%         2
 Lesser Beckoning         Tloc           0%         N/A       47%         2
 Scorch                   Fire           0%         2d5       47%         2
 Sublimation of Blood     Necr           0%         N/A       47%         2
 Confusing Touch          Hex            0%         N/A       71%         3
 Fugue of the Fallen      Necr           0%         N/A       71%         3
 Inner Flame              Hex/Fire       0%         N/A       71%         3
 Maxwell's Portable Pile  Tloc           0%         2d(5-13)  71%         3
 Passwall                 Erth           0%         N/A       71%         3
 Sigil of Binding         Hex            0%         N/A       71%         3
 Swiftness                Air            0%         N/A       71%         3
 Teleport Other           Tloc           0%         N/A       71%         3
 Vampiric Draining        Necr           0%         2d6       71%         3
 Volatile Blastmotes      Fire/Tloc      0%         2d10      71%         3
 Airstrike                Air            0%         2d(0-16)  97%         4
 Anguish                  Hex/Necr       0%         N/A       97%         4
 Cause Fear               Hex            0%         N/A       97%         4
 Dimensional Bullseye     Hex/Tloc       0%         N/A       97%         4
 Dispel Undead            Necr           0%         3d6       97%         4
 Passage of Golubria      Tloc           0%         N/A       97%         4
 Borgnjor's Vile Clutch   Necr/Erth      0%         N/A       100%        5
 Curse of Agony           Necr           0%         N/A       100%        5
 Lee's Rapid Deconstruct  Erth           0%         3d4*      100%        5
 Silence                  Hex/Air        0%         N/A       100%        5
 Dispersal                Tloc           0%         N/A       100%        6
 Gell's Gavotte           Tloc           0%         2d(11-16) 100%        6
 Plasma Beam              Fire/Air       0%         2x1d10    100%        6
 Enfeeble                 Hex            0%         N/A       100%        7
 Magnavolt                Erth/Air       0%         3d9       100%        7
 Manifold Assault         Tloc           0%         N/A       100%        7
 Borgnjor's Revivificati  Necr           0%         N/A       100%        8
 Discord                  Hex            0%         N/A       100%        8
 Disjunction              Tloc           0%         N/A       100%        8
 Ignition                 Fire           0%         3d3       100%        8
 Maxwell's Capacitive Co  Air            0%         ∞         100%        8
 Death's Door             Necr           0%         N/A       100%        9
 Foxfire                  Conj/Fire      Unusable   2x1d4     N/A         1
 Shock                    Conj/Air       Unusable   1d3       N/A         1
 Sting                    Conj/Alch      Unusable   1d3       N/A         1
 Summon Small Mammal      Summ           Unusable   N/A       N/A         1
 Cigotuvi's Dreadful Rot  Necr/Alch/Air  Unusable   N/A       N/A         2
 Ensorcelled Hibernation  Hex/Ice        Unusable   N/A       N/A         2
 Mercury Vapours          Alch/Air       Unusable   N/A       N/A         2
 Static Discharge         Conj/Air       Unusable   3-3/arc   N/A         2
 Call Canine Familiar     Summ           Unusable   N/A       N/A         3
 Hailstorm                Conj/Ice       Unusable   3d5       N/A         3
 Ozocubu's Armour         Ice            Unusable   N/A       N/A         3
 Stone Arrow              Conj/Erth      Unusable   3d7       N/A         3
 Animate Armour           Summ/Erth      Unusable   N/A       N/A         4
 Animate Dead             Necr           Unusable   N/A       N/A         4
 Flame Wave               Conj/Fire      Unusable   2d4       N/A         4
 Fulminant Prism          Conj/Alch      Unusable   3d5       N/A         4
 Iskenderun's Mystic Bla Conj/Tloc Unusable       2d3        (+2d1     N/A         4
 Martyr's Knell           Necr/Summ      Unusable   N/A       N/A         4
 Alistair's Intoxication  Alch           Unusable   N/A       N/A         5
 Irradiate                Conj/Alch      Unusable   3d11      N/A         5
 Metabolic Englaciation   Hex/Ice        Unusable   N/A       N/A         5
 Conjure Ball Lightning   Conj/Air       Unusable   3x3d6     N/A         6
 Death Channel            Necr           Unusable   N/A       N/A         6
 Summon Cactus Giant      Summ           Unusable   N/A       N/A         6
 Haunt                    Necr/Summ      Unusable   N/A       N/A         7
 Rimeblight               Ice/Necr       Unusable   2d3       (primaN/A   7
 Seismic Cannonade        Alch/Erth      Unusable   6d4       N/A         7
 Lehudib's Crystal Spear  Conj/Erth      Unusable   10d2      N/A         8

Dungeon Overview and Level Annotations

Branches:
Dungeon (15/15)            Temple (0/1) D:4            Lair (5/5) D:9
  Swamp (4/4) Lair:3        Snake (4/4) Lair:2        Slime (0/5) Lair:4
    Orc (2/2) D:12            Elf (3/3) Orc:2        Vaults (5/5) D:13
  Crypt (0/3) Vaults:3     Depths (4/4) D:15            Zot (5/5) Depths:4
 Bailey (visited)           IceCv (visited)         Volcano (visited)
 WizLab (visited)         Gauntlet (visited)

Altars:
Cheibriados
Gozag
Makhleb
Nemelex Xobeh
Okawaru
Qazlal
Ru
Trog
Vehumet
Wu Jian
Xom
Zin

Shops:
D:4 *   D:10 *   D:15 *   Orc:2 *?:?   Elf:1 *   Elf:3 *   Snake:2 :?:
Snake:4 *   Vaults:4 (   Vaults:5 *   Zot:4 *   Depths:4 [

Portals:
Hell: Depths:1 Depths:2 Depths:3 Depths:4
Abyss: Depths:2 Depths:3
Pandemonium: Depths:2
Ziggurat: Depths:3
Trove: D:14 (give 16 potions of curing)

Annotations:
D:7 1 runed translucent door, ouz's ghost, novice MiFi


Innate Abilities, Weirdness & Mutations

You can breathe torrents of mud.
You are unimpeded by mud.
Your dull iron-grey scales are very hard. (AC +17)
You are amphibious.
You cannot fit into any form of body armour.
You are frail. (-10% HP)
Your magical capacity is low. (-10% MP)
You are cold-blooded and may be slowed by cold attacks.
You cannot be stealthy.
You are hated by all.
You cannot study or cast Conjurations magic.
You cannot study or cast Ice magic.
You cannot study or cast Alchemy magic.
Your casting is slightly disrupted.
You cannot voluntarily change form.
You have large cloven feet.
You passively map a small area around you.
Your natural rate of healing is unusually fast.
You occasionally shout uncontrollably at your foes.


Message History

You slice the Hell Sentinel!!
The Hell Sentinel is severely wounded.
You hit the Hell Sentinel but do no damage.
The Hell Sentinel is severely wounded.
The Hell Sentinel begins to attack, but is stunned by your conviction!
You slice the Hell Sentinel!! You tail-slap the Hell Sentinel!
The Hell Sentinel is almost dead.
You redirect the Hell Sentinel's attack!
The Hell Sentinel is stunned by your conviction and fails to attack.
You hit the Hell Sentinel.
The Hell Sentinel is almost dead.
You hit the Hell Sentinel but do no damage.
The Hell Sentinel is almost dead.
You block the Hell Sentinel's attack. x2
You slice the Hell Sentinel!!
You kill the Hell Sentinel!
What level of the Dungeon? (default 1, ? - help) HP restored.
There is a stone staircase leading up here.
You climb upwards.
There is a stone staircase leading down here.
There is a stone staircase leading up here.
You climb upwards.
There is a stone staircase leading down here.
There is a stone staircase leading up here.
You climb upwards.
There is a stone staircase leading down here.
You see here 4 stones.
Things that are here:
a hobgoblin skeleton; a hobgoblin skeleton A neqoxec comes into view.
The neqoxec shouts!
You slice the neqoxec like a ripe choko!!!
You kill the neqoxec!
No target in view!
No target in view!
No target in view!
What level of the Dungeon? (default 1, ? - help)
There is a staircase leading out of the dungeon here.
You have escaped!

##......≈...#...≈........###.
#....#...≈..#.§§...#..##.# #.
#.....#..≈§§#.§≈..#......###.
#......#.§≈.#.§§§#...........
##..≈...#§§§#.≈.#...≈......##
#...≈≈..#.§.≈.#..§≈....##.#
#§....≈≈§#...#.≈≈......##.#
#.......≈§....≈........##.#
#.######§..@...######..##.#
##.......≈.....≈.........#.##
#...§§§§≈.#...#.≈≈.....###...
#....§≈..#.≈.≈.#..≈§...# #.##
#...≈§..#.≈.#.≈.#...≈..# #.#
#......#..§.#.≈..#.....# #.#
#.....#..≈..#.§§..#....###.#
#....#...≈..#.§≈§.§#..##...#
#####.#.....≈...#...§..(..##.###


There were no monsters in sight!

Vanquished Creatures
  4 dread liches
  5 orbs of fire
  4 ancient liches
  3 juggernauts
  Mara (Vaults:4)
  2 pandemonium lords
  Xtahua (Vaults:3)
  5 Killer Klowns
  Vashnia (Snake:4)
  13 golden dragons
  4 curse toes
  Nikola (Snake:3)
  Norris (Depths:2)
  3 bone dragons
  Jory (Depths:3)
  An Ice Fiend (Depths:1)
  A Cloud Mage (WizLab)
  Rupert (Lair:4)
  4 electric golems
  Jorgrun (Elf:1)
  17 tentacled monstrosities
  27 Orb Guardians
  3 liches
  Mlioglotl (Snake:3)
  4 deep elf blademasters (Elf:3)
  Asterion (Vaults:2)
  2 Hell Sentinels
  9 titans
  4 quicksilver dragons
  5 sphinxes
  3 deep elf master archers (Elf:3)
  15 death cobs
  The ghost of mojasp the Fencer, an adept DsGl of Ashenzari (Snake:4)
  A tentacled starspawn (Abyss:3)
  15 shadow dragons
  The ghost of Gaocirph the Messiah, an adept MDMo of Beogh (Snake:1)
  22 storm dragons
  7 tengu reavers
  3 thorn hunters
  4 fenstrider witches
  Aizul (Snake:4)
  Roxanne (Elf:2)
  13 frost giants
  3 draconian monks
  11 fire giants
  3 draconian knights
  5 protean progenitors (Zot:1)
  2 azure jellies (Vaults:4)
  2 iron dragons
  3 draconian shifters
  6 deep elf sorcerers
  Louise (Snake:3)
  2 balrugs (Abyss:3)
  An angel (Depths:4)
  20 vault wardens
  6 draconian stormcallers
  3 ghost moths
  3 hydra zombies (Swamp:4)
  17 ironbound preservers
  8 draconian scorchers
  4 deep elf elementalists
  2 orc warlords (Vaults:2)
  2 formless jellyfish
  10 very ugly things
  5 ghouls
  15 stone giants
  A juggernaut skeleton (Vaults:4)
  8 green draconians
  A vampire knight (Depths:1)
  10 ironbound thunderhulks
  8 deep elf demonologists
  2 eleionomae
  11 dire elephants
  4 white draconians
  Nessos (Lair:5)
  12 black draconians
  11 red draconians
  5 bunyips
  5 yellow draconians
  A minotaur (Gauntlet)
  5 war gargoyles
  10 deep elf annihilators (Elf:3)
  4 deep elf death magi
  15 spark wasps
  9 purple draconians
  16 starcursed masses
  The ghost of Vbesf the Spear-Bearer, a journeyman GnCA of Gozag (Lair:1)
  13 fire dragons
  13 ettins
  6 blizzard demons (WizLab)
  A crystal guardian (Zot:3)
  An entropy weaver (Vaults:3)
  7 deep elf high priests
  4 merfolk impalers (Depths:1)
  A merfolk javelineer (Depths:1)
  14 yaktaur captains
  3 shambling mangroves (Swamp:4)
  19 hydras
  A jiangshi (Depths:3)
  3 hell beasts
  2 juggernaut simulacra (Vaults:4)
  8 ice dragons
  3 rakshasas
  7 salamander tyrants
  Erolcha (Orc:2)
  3 great orbs of eyes
  2 catoblepae
  37 vault guards
  2 jorogumos (Zot:1)
  5 alligators
  A peacekeeper (Vaults:3)
  5 spriggan air magi
  7 ogre magi
  9 anacondas
  5 ghost crabs
  27 dancing weapons
  13 ironbound frosthearts
  4 two-headed ogres
  5 boulder beetles
  4 thrashing horrors (Abyss:3)
  15 centaur warriors
  A death knight (Vaults:3)
  12 deep troll earth magi
  2 vampire magi
  A hell hog (Depths:3)
  5 occultists
  15 shock serpents
  13 death yaks
  2 deep troll shamans (Depths:3)
  4 sun demons
  12 tengu warriors
  19 naga sharpshooters
  13 naga warriors
  4 demonic crawlers
  3 spriggan berserkers
  2 shock serpents (shapeshifter)
  19 deep elf knights
  3 soul eaters
  5 hell knights
  A titan skeleton (Vaults:4)
  A wretched star (Abyss:3)
  3 orc high priests (Orc:2)
  7 skysharks
  A sixfirhy (Abyss:3)
  2 shadow wraiths
  5 iron trolls
  A spectral death yak (Lair:5)
  6 salamander mystics
  4 skeletal warriors (D:15)
  2 fire crabs (Vaults:4)
  A death drake (shapeshifter) (D:15)
  A mana viper (shapeshifter) (D:15)
  A spectral anaconda (Lair:5)
  13 deep elf archers
  2 goliath frogs
  A quicksilver dragon simulacrum (Vaults:4)
  A storm dragon skeleton (Vaults:4)
  8 glowing orange brains
  A shadow demon (Abyss:3)
  A flayed ghost (Swamp:4)
  6 spriggan druids
  A sun moth (Vaults:4)
  6 naga ritualists
  A death drake (Swamp:2)
  13 mana vipers
  3 swamp dragons
  44 deep trolls
  3 obsidian statues
  7 arcanists
  13 orc knights
  12 bog bodies
  A lindwurm (shapeshifter) (Zot:3)
  2 spectral hydras (Swamp:4)
  5 thermic dynamos
  9 ironbound convokers
  4 lindwurms
  30 deep elf pyromancers
  26 deep elf zephyrmancers
  6 phantasmal warriors
  10 large abominations
  11 necromancers
  35 ugly things
  2 harpies
  6 orc sorcerers
  A salamander (shapeshifter) (Elf:3)
  A shining eye (shapeshifter) (Vaults:5)
  5 oklob plants
  5 cyclopes
  5 will-o-the-wisps
  A frost giant skeleton (Vaults:4)
  6 toenail golems
  5 manticores
  A manticore (shapeshifter) (Depths:1)
  7 worldbinders
  29 salamanders
  3 meliai (D:13)
  A moth of wrath (shapeshifter) (Vaults:5)
  28 moths of wrath
  An eye of devastation (Abyss:3)
  15 elephants
  An apocalypse crab (WizLab)
  13 vault sentinels
  5 kobold blastminers (Orc:2)
  A rust devil (D:10)
  3 ice statues
  3 orange demons
  Maggie (D:8)
  A guardian serpent (shapeshifter) (Vaults:5)
  6 guardian serpents
  A water nymph (shapeshifter) (Depths:4)
  A dire elephant zombie (Lair:5)
  5 smoke demons
  7 spectral spriggans (Swamp:2)
  3 molten gargoyles
  44 black mambas
  3 black mambas (shapeshifter)
  15 naga magi
  A storm dragon simulacrum (Vaults:4)
  2 dire elephant skeletons (Lair:5)
  13 cane toads
  A cane toad (shapeshifter) (D:15)
  3 gargoyles
  2 efreet
  9 rime drakes
  5 kobold demonologists
  25 yaktaurs
  9 komodo dragons
  3 dryads (Depths:2)
  3 freezing wraiths
  A red devil (D:9)
  2 tengu conjurers
  A tormentor (D:8)
  A golden dragon simulacrum (Vaults:4)
  A yaktaur (shapeshifter) (D:15)
  A bunyip simulacrum (Vaults:4)
  7 trolls
  4 wind drakes (WizLab)
  A hellwing (Abyss:3)
  A queen bee (shapeshifter) (D:15)
  A bloated husk (Swamp:2)
  11 polar bears
  9 tyrant leeches
  16 hornets
  2 glass eyes (Depths:2)
  A jumping spider (shapeshifter) (D:15)
  13 dream sheep
  A spectral elephant (Lair:5)
  2 jumping spiders (Vaults:4)
  A tarantella (Vaults:3)
  Prince Ribbit (D:5)
  8 blink frogs
  A raiju (shapeshifter) (D:15)
  4 raiju (Abyss:3)
  21 slime creatures
  13 air elementals
  2 wraiths
  3 water elementals
  32 spriggans
  15 wyverns
  3 fire bats (Orc:2)
  A golden eye (Lair:4)
  12 humans
  61 yaks
  A hog (shapeshifter) (D:13)
  4 fire elementals
  3 wargs
  An alligator snapping turtle simulacrum (Vaults:4)
  9 basilisks
  A death yak simulacrum (Lair:5)
  A steam dragon (D:6)
  A chaos spawn (Depths:4)
  A neqoxec (D:1)
  13 vampire mosquitoes
  19 swamp worms
  2 swamp worms (shapeshifter) (D:15)
  A small abomination (D:8)
  33 nagas
  5 acid dragons
  2 spatial vortices (Vaults:4)
  An unseen horror (shapeshifter) (Vaults:5)
  4 hydra simulacra
  16 water moccasins
  A black bear (shapeshifter) (D:15)
  12 swamp drakes
  23 orc warriors
  A swamp drake (shapeshifter) (Vaults:5)
  2 fire dragon simulacra (Vaults:4)
  3 ice beasts
  3 laughing skulls
  A crocodile (shapeshifter) (Vaults:3)
  3 black bears
  8 ogres
  10 centaurs
  A swamp dragon zombie (Swamp:4)
  22 wolves
  2 elephant zombies (Lair:5)
  An ogre (shapeshifter) (Vaults:5)
  3 boggarts (Vaults:4)
  2 human skeletons (Vaults:4)
  A swamp dragon skeleton (Swamp:4)
  2 phantoms
  2 elf zombies (Elf:1)
  2 kobold brigands (D:10)
  A brain worm (Abyss:3)
  2 weeping skulls (Abyss:3)
  18 bullfrogs
  2 cane toad simulacra
  3 earth elementals (Elf:3)
  2 gnoll sergeants (D:8)
  3 scorpions
  A deep troll simulacrum (Vaults:4)
  16 wights
  An elephant simulacrum (Lair:5)
  12 killer bees
  2 bombardier beetles
  3 electric eels (Lair:4)
  6 howler monkeys
  2 lava snakes (Vaults:4)
  6 hounds
  A sleepcap (D:8)
  13 orc priests
  6 jellies
  14 orc wizards
  5 iguanas
  5 hell rats (Lair:3)
  A polar bear simulacrum (Lair:2)
  7 gnolls
  3 swamp drake zombies (Swamp:4)
  12 adders
  A ribbon worm zombie (D:7)
  2 white imps
  An ufetubus (Abyss:3)
  5 dart slugs
  A ribbon worm (D:3)
  64 orcs
  6 ball pythons
  10 bats
  6 endoplasms
  2 giant cockroaches (D:4)
  9 goblins
  9 hobgoblins
  5 jackals
  3 quokkas
  3 frilled lizards (D:1)
  20 kobolds
  A kobold zombie (D:7)
  10 rats
  An aspiring flesh (Zot:1)
  A snaplasher vine (Depths:2)
  A spectral weapon (Swamp:2)
  A starspawn tentacle (Abyss:3)
2285 creatures vanquished.

Vanquished Creatures (others)
  2 golden dragons
  2 tentacled monstrosities
  A deep elf blademaster (Elf:3)
  An eldritch tentacle (Vaults:4)
  A storm dragon (Zot:5)
  A fire giant (Depths:3)
  A deep elf sorcerer (Elf:3)
  A draconian knight (Zot:4)
  2 draconian scorchers
  A deep elf elementalist (Elf:3)
  An ironbound preserver (Vaults:3)
  A draconian stormcaller (Zot:1)
  An ironbound thunderhulk (Vaults:3)
  A deep elf demonologist (Elf:3)
  A deep elf death mage (Vaults:5)
  A war gargoyle (Vaults:3)
  A dire elephant (Vaults:3)
  Snorg (Lair:4)
  2 yaktaur captains
  2 hydras
  A deep elf high priest (Elf:3)
  An ogre mage (Vaults:4)
  A dancing weapon (Elf:2)
  A death yak (Lair:5)
  2 spriggan berserkers
  A death drake (WizLab)
  A deep troll (Vaults:2)
  A naga ritualist (Snake:2)
  A necromancer (Lair:5)
  An ironbound convoker (Vaults:4)
  A phantasmal warrior (Vaults:5)
  An orc knight (D:15)
  3 deep elf pyromancers
  A salamander (Snake:4)
  A moth of wrath (Zot:3)
  A black mamba (Snake:1)
  A naga mage (Snake:1)
  2 yaktaurs
  An efreet (D:15)
  2 bloated husks (Swamp:2)
  A troll (shapeshifter) (D:15)
  A hornet (Swamp:1)
  2 air elementals
  A ynoxinul (Abyss:3)
  3 nagas (Snake:3)
  2 swamp worms (Swamp:3)
  A swamp drake (Swamp:4)
  A swamp dragon zombie (Swamp:4)
  A wolf (IceCv)
  A killer bee (D:9)
  A snapping turtle simulacrum (Vaults:4)
  An orc wizard (Orc:1)
  2 orcs
  6 foxfires (Swamp:2)
  A starspawn tentacle (Abyss:3)
75 creatures vanquished.

Grand Total: 2360 creatures vanquished

Notes
Turn   | Place    | Note
-------+----------+-------------------------------------------
     0 | D:5      | GordonOverkill the Draconian Delver began the quest for the
                  | Orb.
     0 | D:5      | Reached XP level 1. HP: 19/19 MP: 1/1
    17 | D:7      | Noticed a bullfrog
    17 | D:7      | Noticed a hornet
    74 | D:6      | Reached XP level 2. HP: 15/27 MP: 2/2
   126 | D:6      | Identified the amulet "Adecilyo" {Reflect rPois Str+4 SH+5}
   273 | D:4      | Noticed a bombardier beetle
   537 | D:3      | Found a sacrificial altar of Ru.
   731 | D:1      | Reached XP level 3. HP: 31/34 MP: 3/3
  1148 | D:1      | Reached skill level 5 in Fighting
  1446 | D:2      | Got the Parchment of the Iceberg and Shifting
  1482 | D:2      | Reached XP level 4. HP: 42/42 MP: 4/4
  1991 | D:3      | Became a worshipper of Ru the Awakened
  2373 | D:4      | Reached XP level 5. HP: 33/48 MP: 5/5
  2504 | D:4      | Noticed a phantom
  2898 | D:4      | Reached skill level 1 in Evocations
  2951 | D:4      | Found a staircase to the Ecumenical Temple.
  3023 | D:4      | Found Dikkacw's Assorted Antiques.
  3034 | D:4      | Bought a cyan potion for 24 gold pieces
  3034 | D:4      | Bought a scroll labelled LYSIN GYVAUJO for 27 gold pieces
  3034 | D:4      | Bought a scroll labelled NIGGOT EGGOTI for 27 gold pieces
  3034 | D:4      | Bought a scroll labelled NIGGOT EGGOTI for 27 gold pieces
  3034 | D:4      | Bought a scroll labelled ZUILAPS USUASS for 27 gold pieces
  3509 | D:5      | Reached XP level 6. HP: 53/57 MP: 6/6
  3580 | D:5      | Noticed an orc warrior
  4001 | D:5      | Noticed Prince Ribbit
  4086 | D:4      | Your scales start taking on a dull iron-grey colour.
  4086 | D:4      | Reached XP level 7. HP: 18/66 MP: 7/7
  4323 | D:5      | Noticed Ijyb
  4489 | D:4      | Reached skill level 5 in Dodging
  4536 | D:4      | Gained mutation: You are hated by all. [Ru sacrifice]
  4536 | D:4      | Reached * piety under Ru
  4536 | D:4      | Reached ** piety under Ru
  4572 | D:5      | Ijyb changed into Ijyb the centaur
  4572 | D:5      | Noticed Ijyb
  4585 | D:5      | Killed Ijyb the centaur
  5294 | D:5      | Reached XP level 8. HP: 70/75 MP: 8/8
  5677 | D:5      | Killed Prince Ribbit
  6144 | D:5      | Reached skill level 10 in Fighting
  6599 | D:6      | Reached skill level 1 in Axes
  6989 | D:7      | Reached XP level 9. HP: 80/85 MP: 9/9
  7052 | D:7      | Found a runed translucent door.
  7053 | D:7      | Found a shimmering altar of Xom.
  7053 | D:7      | Noticed a +1 war axe of chaos
  7053 | D:7      | Noticed ouz's ghost (novice MiFi)
  7483 | D:7      | Found an ornate altar of the Wu Jian Council.
  7491 | D:7      | Found a stormy altar of Qazlal.
  7491 | D:7      | Found a radiant altar of Vehumet.
  7498 | D:7      | Found a burning altar of Makhleb.
  7798 | D:7      | Reached skill level 5 in Axes
  8243 | D:8      | Noticed Maggie
  8262 | D:8      | Killed Maggie
  9003 | D:8      | Noticed a seven-headed hydra
  9173 | D:8      | Noticed a gargoyle
  9202 | D:8      | Gained mutation: Your casting is slightly disrupted. [Ru
                  | sacrifice]
  9215 | D:8      | Reached XP level 10. HP: 44/93 MP: 10/10
  9441 | D:8      | Killed a seven-headed hydra
  9467 | D:8      | Killed a gargoyle
  9468 | D:8      | Reached skill level 10 in Axes
  9855 | D:9      | Reached skill level 1 in Shields
  9976 | D:9      | Found a flagged portal.
  9999 | Bailey   | Entered a bailey
 10033 | Bailey   | Noticed an orc knight
 10097 | Bailey   | Noticed an orc knight
 10126 | Bailey   | Killed an orc knight
 10428 | Bailey   | Killed an orc knight
 10841 | D:9      | Found a staircase to the Lair.
 10909 | D:9      | Reached XP level 11. HP: 61/96 MP: 11/11
 11316 | D:9      | Found a sparkling altar of Nemelex Xobeh.
 11316 | D:9      | Found an opulent altar of Gozag.
 11838 | Lair:1   | Entered Level 1 of the Lair of Beasts
 12304 | Lair:1   | Noticed Amaemon
 12305 | Lair:1   | Amaemon changed into Amaemon the efreet
 12305 | Lair:1   | Noticed Amaemon
 12327 | Lair:2   | Noticed a boulder beetle
 12418 | Lair:2   | Found a frozen archway.
 12451 | IceCv    | Entered an ice cave
 12592 | IceCv    | Reached skill level 5 in Evocations
 13274 | IceCv    | Reached XP level 12. HP: 97/111 MP: 12/12
 13520 | IceCv    | Noticed a death yak
 13520 | IceCv    | Noticed a death yak
 13520 | IceCv    | Noticed an ironbound frostheart
 13520 | IceCv    | Noticed an ironbound frostheart
 13520 | IceCv    | Noticed a death yak
 13848 | IceCv    | Noticed a death yak
 13873 | IceCv    | Killed a death yak
 14057 | IceCv    | Noticed a death yak
 14077 | IceCv    | Killed a death yak
 14171 | IceCv    | Killed a death yak
 14177 | IceCv    | Noticed a death yak
 14187 | IceCv    | Killed a death yak
 14197 | IceCv    | Killed a death yak
 14382 | IceCv    | Killed a death yak
 14690 | IceCv    | Killed an ironbound frostheart
 14720 | IceCv    | Identified the +1 falchion "Unuos" {holy, rElec Str+3 Dex-2
                  | Stlth+}
 14776 | IceCv    | Killed an ironbound frostheart
 15647 | Lair:2   | Found a staircase to the Snake Pit.
 15877 | Lair:2   | Reached XP level 13. HP: 61/124 MP: 13/13
 16345 | Lair:2   | Identified the +4 dagger "Saimifei" {elec, SInv}
 16691 | Lair:2   | Reached skill level 5 in Shields
 17572 | Lair:2   | Identified the ring of Junicsytz {^Drain Will+ Str+4
                  | Stlth+}
 17865 | Lair:3   | Gained mutation: You are frail. (-10% HP) [Ru sacrifice]
 17865 | Lair:3   | Reached *** piety under Ru
 17865 | Lair:3   | Reached **** piety under Ru
 17986 | Lair:3   | Reached skill level 10 in Shields
 18660 | Lair:3   | Found a staircase to the Swamp.
 19729 | Lair:4   | Found a staircase to the Slime Pits.
 19747 | Lair:4   | Reached XP level 14. HP: 106/118 MP: 14/14
 19829 | Lair:4   | Noticed Rupert
 19847 | Lair:4   | Killed Rupert
 20018 | Lair:4   | Noticed Snorg
 20038 | Lair:4   | Killed Snorg
 20771 | Lair:5   | Entered Level 5 of the Lair of Beasts
 21617 | Lair:5   | Identified a scroll of acquirement
 21618 | Lair:5   | Acquired a manual of Axes
 21748 | Lair:5   | Noticed Nessos
 21758 | Lair:5   | Killed Nessos
 21789 | Lair:5   | Gained mutation: You are clumsy. (Dex -2) [a neqoxec]
 21876 | Lair:5   | Gained mutation: You cannot be stealthy. [Ru sacrifice]
 21876 | Lair:5   | Reached ***** piety under Ru
 22408 | Lair:5   | Reached skill level 15 in Axes
 23972 | Lair:1   | Killed Amaemon the efreet
 24294 | Lair:1   | Found a runed translucent door.
 24299 | Lair:1   | Noticed Vbesf's ghost (journeyman GnCA)
 24734 | Lair:1   | Killed Vbesf's ghost
 24891 | D:10     | Entered Level 10 of the Dungeon
 24976 | D:10     | Reached XP level 15. HP: 124/124 MP: 15/15
 25084 | D:10     | Gained mutation: You cannot study or cast Ice magic. [Ru
                  | sacrifice]
 25084 | D:10     | Gained mutation: You cannot study or cast Alchemy magic.
                  | [Ru sacrifice]
 25084 | D:10     | Gained mutation: You cannot study or cast Conjurations
                  | magic. [Ru sacrifice]
 25419 | D:10     | Found Wimamum's Assorted Antiques.
 25449 | D:10     | Bought a scroll of silence for 294 gold pieces
 25449 | D:10     | Bought a potion of berserk rage for 155 gold pieces
 25449 | D:10     | Bought 2 potions of heal wounds for 310 gold pieces
 25449 | D:10     | Bought a scroll of teleportation for 93 gold pieces
 25791 | D:10     | Bought a potion of might for 124 gold pieces
 25877 | D:11     | Found a stormy altar of Qazlal.
 26600 | D:12     | Found a staircase to the Orcish Mines.
 26972 | D:12     | Gained mutation: You cannot voluntarily change form. [Ru
                  | sacrifice]
 27075 | D:13     | Found a gate leading to a gauntlet.
 27112 | Gauntlet | Entered a Gauntlet
 27112 | Gauntlet | Found a transporter.
 27116 | Gauntlet | Found a runed translucent door.
 27117 | Gauntlet | Found a transporter.
 27131 | Gauntlet | Found a runed translucent door.
 27133 | Gauntlet | Found a transporter.
 27137 | Gauntlet | Found a transporter.
 27157 | Gauntlet | Found a transporter.
 27170 | Gauntlet | Found a transporter.
 27186 | Gauntlet | Found a transporter.
 27200 | Gauntlet | Found a transporter.
 27212 | Gauntlet | Found a transporter.
 27234 | Gauntlet | Found a transporter.
 27237 | Gauntlet | Found a transporter.
 27239 | Gauntlet | Found a transporter.
 27497 | Gauntlet | Identified the +3 pair of boots "Hupubynarph" {Rampage
                  | Will+ Int+3}
 28657 | D:13     | Found a gate to the Vaults.
 29006 | D:14     | Found a portal to a secret trove of treasure.
 29223 | D:14     | Gained mutation: Your magical capacity is low. (-10% MP)
                  | [Ru sacrifice]
 29223 | D:14     | Reached ****** piety under Ru
 29288 | D:14     | Identified the +5 spear of Greed {antimagic, rF- rC+ rCorr
                  | Stlth+}
 29388 | D:15     | Entered Level 15 of the Dungeon
 30129 | D:15     | Noticed a frost giant
 30147 | D:15     | Killed a frost giant
 30519 | D:15     | Noticed a tengu reaver
 30558 | D:15     | Killed a tengu reaver
 30862 | D:15     | Reached XP level 16. HP: 107/131 MP: 14/14
 31012 | D:15     | Identified the +0 helmet of Pathos {^Contam rC++ Int+3}
 31096 | D:15     | Identified the +11 war axe of Symmetry {antimagic, Str+4
                  | Stlth+}
 31158 | D:15     | Found a staircase to the Depths.
 31297 | D:15     | Found a bloodstained altar of Trog.
 31312 | D:15     | Found Guazuuhe's Demolitions Depot.
 31858 | Orc:1    | Entered Level 1 of the Orcish Mines
 32029 | Orc:2    | Entered Level 2 of the Orcish Mines
 32093 | Orc:2    | Noticed Erolcha
 32104 | Orc:2    | Killed Erolcha
 32115 | Orc:2    | Found a staircase to the Elven Halls.
 32156 | Orc:2    | Reached skill level 10 in Evocations
 32200 | Orc:2    | Found a dark tunnel.
 32221 | Volcano  | Entered a volcano
 32305 | Volcano  | Reached skill level 10 in Dodging
 32658 | Orc:2    | Found Raog's Magic Scroll Emporium.
 32658 | Orc:2    | Found Uffo's Book Boutique.
 32751 | Orc:2    | Found Paadenit's Assorted Antiques.
 32751 | Orc:2    | Found Anigh's Magic Scroll Emporium.
 32768 | Orc:2    | Bought a potion of haste for 280 gold pieces
 32768 | Orc:2    | Bought a scroll of teleportation for 84 gold pieces
 32768 | Orc:2    | Bought a bubbling coppery potion for 25 gold pieces
 32768 | Orc:2    | Bought a scroll of revelation for 210 gold pieces
 32771 | Orc:2    | Bought a scroll of teleportation for 39 gold pieces
 32771 | Orc:2    | Bought a scroll of enchant weapon for 97 gold pieces
 32771 | Orc:2    | Bought a scroll of teleportation for 39 gold pieces
 32771 | Orc:2    | Bought a scroll of blinking for 97 gold pieces
 32774 | Orc:2    | Bought a scroll of teleportation for 42 gold pieces
 32774 | Orc:2    | Bought a scroll of teleportation for 42 gold pieces
 32774 | Orc:2    | Bought a scroll of fog for 56 gold pieces
 32774 | Orc:2    | Bought a scroll of blinking for 105 gold pieces
 32774 | Orc:2    | Bought a scroll of teleportation for 42 gold pieces
 32774 | Orc:2    | Bought a scroll of silence for 133 gold pieces
 32774 | Orc:2    | Bought a scroll of enchant weapon for 105 gold pieces
 33506 | Swamp:1  | Entered Level 1 of the Swamp
 34114 | Swamp:1  | Identified the +11 rapier "Owufaum" {flame, MP+9 Stlth+}
 34168 | Swamp:1  | Noticed a tentacled monstrosity
 34181 | Swamp:1  | Killed a tentacled monstrosity
 35230 | Swamp:2  | Reached skill level 15 in Dodging
 35232 | Swamp:2  | Learned a level 1 spell: Apportation
 35329 | Swamp:2  | Reached XP level 17. HP: 103/138 MP: 15/15
 35973 | Swamp:3  | Reached skill level 15 in Fighting
 36322 | Swamp:4  | Entered Level 4 of the Swamp
 37324 | Swamp:4  | Acquired the +0 cloak of Starshine {rC+ Will+ rCorr Slay+3}
 37445 | Swamp:4  | Acquired a manual of Fighting
 37984 | Swamp:4  | Got a decaying rune of Zot
 38126 | Snake:1  | Entered Level 1 of the Snake Pit
 38495 | Snake:1  | Found a runed translucent door.
 38497 | Snake:1  | Noticed Gaocirph's ghost (adept MDMo)
 38673 | Snake:1  | Found a shimmering altar of Xom.
 38988 | Snake:1  | Killed Gaocirph's ghost
 39637 | Snake:2  | Found Cilyibi's Vocational Training.
 39780 | Snake:2  | Reached XP level 18. HP: 162/162 MP: 16/16
 40129 | Snake:2  | Found Fuicry's Magic Scroll Shoppe.
 40129 | Snake:2  | Found Wapysien's Book Emporium.
 40290 | Snake:2  | Found a snail-covered altar of Cheibriados.
 40645 | Snake:2  | Bought a manual of Evocations for 1360 gold pieces
 40661 | Snake:3  | Noticed Mlioglotl
 40680 | Snake:3  | Killed Mlioglotl
 40850 | Snake:3  | Found a stormy altar of Qazlal.
 40920 | Snake:3  | Noticed Nikola
 40929 | Snake:3  | Killed Nikola
 40947 | Snake:3  | Noticed Louise
 40961 | Snake:3  | Killed Louise
 41296 | Snake:3  | Identified the +9 arbalest "Widowmaker" {drain, rCorr}
 41462 | Snake:4  | Entered Level 4 of the Snake Pit
 41510 | Snake:4  | Found a large runed translucent door.
 41510 | Snake:4  | Found a large runed translucent door.
 41526 | Snake:4  | Noticed mojasp's ghost (adept DsGl)
 41553 | Snake:4  | Killed mojasp's ghost
 41634 | Snake:4  | Noticed Vashnia
 42315 | Snake:4  | Killed Vashnia
 42502 | Snake:4  | Found Vioraon's Assorted Antiques.
 42510 | Snake:4  | Bought a scroll of teleportation for 114 gold pieces
 42816 | Snake:4  | Identified the serpent talisman of the Tsukumogami {rC+
                  | rN+++ Str+3 Dex+3}
 42816 | Snake:4  | Noticed Aizul
 42825 | Snake:4  | Killed Aizul
 43373 | Snake:4  | Got a serpentine rune of Zot
 44145 | Vaults:1 | Entered Level 1 of the Vaults
 44160 | Vaults:1 | Reached XP level 19. HP: 171/171 MP: 17/17
 44221 | Vaults:1 | Reached skill level 15 in Evocations
 44392 | Vaults:1 | You fall into a shaft and drop 1 floor!
 44681 | Vaults:2 | Identified the ring "Igefun Degi" {Ice Stlth+}
 45346 | Vaults:2 | Reached skill level 15 in Shields
 45433 | Vaults:2 | Noticed Asterion
 45444 | Vaults:2 | Gained mutation: You have hidden genetic defects. [a
                  | cacodemon]
 45447 | Vaults:2 | Killed Asterion
 45946 | Vaults:3 | Noticed Xtahua
 45966 | Vaults:3 | Killed Xtahua
 46138 | Vaults:3 | Found a magical portal.
 46143 | WizLab   | Entered The Chambers of the Cloud Mage
 46315 | WizLab   | Paralysed by an air elemental for 1 turns
 46322 | WizLab   | Paralysed by an air elemental for 1 turns
 46333 | WizLab   | Paralysed by an air elemental for 1 turns
 46570 | WizLab   | Paralysed by an air elemental for 1 turns
 46591 | WizLab   | Paralysed by an air elemental for 1 turns
 46601 | WizLab   | Paralysed by an air elemental for 1 turns
 46610 | WizLab   | Paralysed by an air elemental for 1 turns
 46678 | WizLab   | Paralysed by an air elemental for 1 turns
 46683 | WizLab   | Paralysed by an air elemental for 1 turns
 46753 | WizLab   | Gained mutation: Your magical capacity is very low. (-20%
                  | MP) [hidden defects]
 46826 | WizLab   | Paralysed by an air elemental for 1 turns
 47135 | WizLab   | Paralysed by an air elemental for 1 turns
 47139 | WizLab   | Paralysed by an air elemental for 1 turns
 47186 | WizLab   | Paralysed by an air elemental for 1 turns
 47232 | WizLab   | Noticed Bicwirgh
 47253 | WizLab   | Killed Bicwirgh the Cloud Mage
 47278 | WizLab   | Identified the ring of the Gazing Enemy {Fly Str+4}
 47294 | WizLab   | Got the Tome of Astrapomancy
 47732 | Vaults:3 | Reached XP level 20. HP: 153/180 MP: 16/16
 48009 | Vaults:3 | Gained mutation: You have terrible hidden genetic defects.
                  | [hidden defects]
 48009 | Vaults:3 | Lost mutation: You have terrible hidden genetic defects.
                  | [hidden defects expressed]
 48010 | Vaults:3 | Lost mutation: You have hidden genetic defects. [potion of
                  | mutation]
 48010 | Vaults:3 | Lost mutation: You are clumsy. (Dex -2) [potion of
                  | mutation]
 48010 | Vaults:3 | Lost mutation: Your magical capacity is very low. (-20% MP)
                  | [potion of mutation]
 48010 | Vaults:3 | Gained mutation: Your health recovers twice as slowly from
                  | being drained. [potion of mutation]
 48584 | Vaults:3 | Found a staircase to the Crypt.
 49072 | Vaults:4 | Found a flickering gateway to a bazaar.
 49143 | Bazaar   | Entered a bazaar
 49185 | Bazaar   | Found Vyhel's Antique Armour Emporium.
 49244 | Bazaar   | Found Nupuuhed's Book Boutique.
 49261 | Bazaar   | Found Zeivaip's General Store.
 49301 | Bazaar   | Bought a scroll of silence for 57 gold pieces
 49301 | Bazaar   | Bought a scroll of revelation for 45 gold pieces
 49341 | Bazaar   | Bought a runed hat for 168 gold pieces
 49595 | Vaults:4 | Found Ridghouto's Weapon Shoppe.
 49905 | Vaults:4 | Noticed Mara
 49910 | Vaults:4 | Noticed GordonOverkill's illusion
 49932 | Vaults:4 | Killed Mara
 50943 | Vaults:4 | Got Sif Muna's Handbook of Heat
 51084 | Vaults:4 | Paralysed by a formless jellyfish for 1 turns
 51263 | Vaults:4 | Got the Atlas of Places
 51285 | Vaults:4 | Noticed a bone dragon
 51301 | Vaults:4 | Killed a bone dragon
 51303 | Vaults:4 | Reached XP level 21. HP: 172/186 MP: 18/18
 51367 | Vaults:4 | Got the Lectures on Despair
 51581 | Elf:1    | Entered Level 1 of the Elven Halls
 51677 | Elf:1    | Noticed Jorgrun
 51690 | Elf:1    | Killed Jorgrun
 51825 | Elf:1    | Found Oqudir's General Store.
 52200 | Elf:1    | Paralysed by an air elemental for 1 turns
 52703 | Elf:1    | Got the Elucidation of Lamentation
 53336 | Elf:2    | Noticed Roxanne
 53348 | Elf:2    | Killed Roxanne
 53651 | Elf:2    | Found a runed translucent gate.
 53652 | Elf:2    | Found a runed translucent gate.
 53652 | Elf:2    | Found a runed translucent gate.
 54127 | Abyss:3  | Cast into level 3 of the Abyss (+0 scimitar of distortion)
 54403 | Abyss:3  | Paralysed by accursed screaming for 2 turns
 55583 | Elf:2    | Escaped the Abyss
 56305 | Elf:3    | Entered Level 3 of the Elven Halls
 56470 | Elf:3    | Found Zoxuf's General Store.
 56476 | Elf:3    | Bought a potion of curing for 57 gold pieces
 56476 | Elf:3    | Bought a potion of haste for 190 gold pieces
 56588 | Elf:3    | Reached XP level 22. HP: 111/194 MP: 19/19
 57185 | Elf:3    | Identified the ring "Qudynaini" {rElec rPois Str+5 Slay+3}
 57221 | Elf:3    | Identified the +10 bardiche of Wekutae {flame, rN+ Str-4
                  | Int+5}
 57490 | Elf:3    | Identified the +4 dagger of Kuukes {flame, rN+}
 57494 | Elf:3    | Identified the +0 plate armour "Fumn" {rC+}
 57498 | Elf:3    | Identified the +1 leather armour "Kof Puu" {Dex+5}
 57570 | Elf:3    | Identified the staff of Valiance {rPois Str+8 Dex-4
                  | Alchemy}
 57660 | Elf:3    | Got the Verses on Cadavers and Geomancy
 57686 | Elf:3    | Got Cuyfowur's Anthology of Bad Luck
 57689 | Elf:3    | Identified the staff of Netwiul {^Fragile rElec Will+ Str+4
                  | Conj}
 57936 | Elf:3    | Found the +8 pair of quick blades "Gyre" and "Gimble"
                  | {protect}
 58459 | Snake:2  | Bought a scroll of enchant armour for 157 gold pieces
 58459 | Snake:2  | Bought a scroll of blinking for 157 gold pieces
 58459 | Snake:2  | Bought a scroll of teleportation for 63 gold pieces
 58459 | Snake:2  | Bought a scroll of teleportation for 63 gold pieces
 58459 | Snake:2  | Bought a scroll of fear for 84 gold pieces
 58686 | D:4      | Bought a tin of tremorstones (2/2) for 1080 gold pieces
 59008 | Depths:1 | Entered Level 1 of the Depths
 59223 | Depths:1 | Found a gateway to Hell.
 59853 | Depths:1 | Found a burning altar of Makhleb.
 60144 | Depths:2 | Noticed Norris
 60169 | Depths:2 | Killed Norris
 60769 | Depths:2 | Found a one-way gate leading to the halls of Pandemonium.
 60785 | Depths:2 | Found a huge runed translucent gate.
 60785 | Depths:2 | Found a huge runed translucent gate.
 60785 | Depths:2 | Found a huge runed translucent gate.
 60785 | Depths:2 | Found a huge runed translucent gate.
 60785 | Depths:2 | Found a huge runed translucent gate.
 60785 | Depths:2 | Found a huge runed translucent gate.
 60785 | Depths:2 | Found a huge runed translucent gate.
 60785 | Depths:2 | Found a huge runed translucent gate.
 60786 | Depths:2 | Found a huge runed translucent gate.
 60786 | Depths:2 | Found a huge runed translucent gate.
 60786 | Depths:2 | Found a huge runed translucent gate.
 60786 | Depths:2 | Found a huge runed translucent gate.
 60786 | Depths:2 | Found a huge runed translucent gate.
 60786 | Depths:2 | Found a huge runed translucent gate.
 60786 | Depths:2 | You fall into a shaft and drop 1 floor!
 60808 | Depths:3 | Noticed a juggernaut
 60808 | Depths:3 | Identified the +3 great mace "Cet Gown" {elec, rElec rPois
                  | Int+5 SInv}
 60810 | Depths:3 | Reached XP level 23. HP: 94/186 MP: 11/20
 60812 | Depths:3 | Killed a juggernaut
 61490 | Depths:2 | Found a huge runed translucent gate.
 61491 | Depths:2 | Found a one-way gate to the infinite horrors of the Abyss.
 61491 | Depths:2 | Found a huge runed translucent gate.
 61494 | Depths:2 | Found a huge runed translucent gate.
 61572 | Depths:2 | Found a huge runed translucent gate.
 61572 | Depths:2 | Found a huge runed translucent gate.
 61572 | Depths:2 | Found a huge runed translucent gate.
 61572 | Depths:2 | Found a huge runed translucent gate.
 61573 | Depths:2 | Found a huge runed translucent gate.
 61753 | Depths:2 | Found a glowing silver altar of Zin.
 61834 | Depths:2 | Found a huge runed translucent gate.
 61835 | Depths:2 | Found a huge runed translucent gate.
 61836 | Depths:2 | Found a huge runed translucent gate.
 61837 | Depths:2 | Found a huge runed translucent gate.
 61838 | Depths:2 | Found a huge runed translucent gate.
 61845 | Depths:2 | Found a huge runed translucent gate.
 61845 | Depths:2 | Found a huge runed translucent gate.
 61845 | Depths:2 | Found a huge runed translucent gate.
 61845 | Depths:2 | Found a huge runed translucent gate.
 61845 | Depths:2 | Found a huge runed translucent gate.
 61845 | Depths:2 | Found a huge runed translucent gate.
 61846 | Depths:2 | Found a huge runed translucent gate.
 61847 | Depths:2 | Found a huge runed translucent gate.
 61849 | Depths:2 | Found a huge runed translucent gate.
 62018 | Depths:2 | Noticed a juggernaut
 62034 | Depths:2 | Killed a juggernaut
 62668 | Depths:2 | Found a one-way gate leading to the halls of Pandemonium.
 62825 | Depths:2 | Found a one-way gate to the infinite horrors of the Abyss.
 63188 | Depths:2 | Found a glowing silver altar of Zin.
 63494 | Depths:3 | Found a one-way gateway to a ziggurat.
 63559 | Depths:3 | Found an iron altar of Okawaru.
 63683 | Depths:3 | Noticed Jory
 63702 | Depths:3 | Killed Jory
 63703 | Depths:3 | Reached skill level 27 in Fighting
 64103 | Depths:3 | Got the Elucidation of Weird Transportation
 64175 | Depths:3 | Acquired 712 gold pieces
 64540 | Depths:4 | Entered Level 4 of the Depths
 64540 | Depths:4 | Noticed a juggernaut
 64657 | Depths:4 | Killed a juggernaut
 65000 | Depths:4 | Identified the ring "Deta" {Wiz rElec rC+}
 65110 | Depths:4 | Found a flickering gateway to a bazaar.
 65122 | Bazaar   | Entered a bazaar
 65189 | Bazaar   | Found Tesost's Book Shop.
 65189 | Bazaar   | Found Siyjed's Distillery.
 65248 | Bazaar   | Found Urgheose's Armour Shop.
 65248 | Bazaar   | Found Wotoesusk's Weapon Boutique.
 65314 | Bazaar   | Bought a potion of enlightenment for 45 gold pieces
 65314 | Bazaar   | Bought a potion of enlightenment for 45 gold pieces
 65314 | Bazaar   | Bought 2 potions of magic for 144 gold pieces
 65314 | Bazaar   | Bought a potion of heal wounds for 45 gold pieces
 65314 | Bazaar   | Bought a potion of haste for 90 gold pieces
 65402 | Depths:4 | Found Xiunam's Armour Shop.
 65870 | Depths:4 | Found a gate to the Realm of Zot.
 66415 | Vaults:5 | Entered Level 5 of the Vaults
 66415 | Vaults:5 | Noticed an ancient lich
 66491 | Vaults:5 | Reached XP level 24. HP: 158/218 MP: 20/20
 66948 | Vaults:5 | Identified the +8 battleaxe of Juda Nat {elec, *Noise rElec
                  | rF+++ rCorr}
 67033 | Vaults:5 | Identified the +0 quarterstaff of the Shifting Queen
                  | {freeze, rPois Will+}
 67097 | Vaults:5 | Identified the staff of Mana {rElec rPois Will++ Int+3
                  | Dex-4 Alchemy}
 67169 | Vaults:5 | Killed an ancient lich
 67249 | Vaults:5 | Noticed an ancient lich
 67271 | Vaults:5 | Killed an ancient lich
 67497 | Vaults:5 | Identified the +3 scale mail of the Fig {+Inv rElec rC++
                  | Str-3}
 67716 | Vaults:5 | Found Terac's Assorted Antiques.
 67902 | Vaults:5 | Bought a scroll of fear for 140 gold pieces
 68298 | Vaults:5 | Noticed a dread lich
 68311 | Vaults:5 | Killed a dread lich
 68473 | Vaults:5 | Got a silver rune of Zot
 69295 | Depths:4 | Bought the +2 shield of Resistance {rF++ rC++ Will++} for
                  | 1551 gold pieces
 69295 | Depths:4 | Found the +2 shield of Resistance {rF++ rC++ Will++}
 69351 | Zot:1    | Entered Level 1 of the Realm of Zot
 69446 | Zot:1    | Noticed an orb of fire
 69465 | Zot:1    | Gained mutation: Your spells are a little easier to cast,
                  | but a little less powerful. [an orb of fire]
 69470 | Zot:1    | Killed an orb of fire
 69796 | Zot:1    | Reached XP level 25. HP: 143/165 MP: 20/20
 70877 | Zot:1    | Noticed an orb of fire
 70893 | Zot:1    | Killed an orb of fire
 70894 | Zot:1    | Reached skill level 27 in Shields
 71189 | Zot:1    | Lost mutation: Your spells are a little easier to cast, but
                  | a little less powerful. [potion of mutation]
 71189 | Zot:1    | Lost mutation: Your health recovers twice as slowly from
                  | being drained. [potion of mutation]
 71189 | Zot:1    | Gained mutation: You occasionally shout uncontrollably at
                  | your foes. [potion of mutation]
 71189 | Zot:1    | Lost mutation: You occasionally shout uncontrollably at
                  | your foes. [potion of mutation]
 71189 | Zot:1    | Gained mutation: You passively map a small area around you.
                  | [potion of mutation]
 73965 | Zot:2    | Found a snail-covered altar of Cheibriados.
 73987 | Zot:2    | Found a snail-covered altar of Cheibriados.
 74043 | Zot:2    | You fall into a shaft and drop 2 floors!
 74918 | Zot:4    | Found Kuytoudi's CLEARANCE SALE!.
 74965 | Zot:4    | Bought a scroll of teleportation for 15 gold pieces
 74965 | Zot:4    | Bought a potion of haste for 50 gold pieces
 74965 | Zot:4    | Bought a scroll of teleportation for 15 gold pieces
 75137 | Zot:4    | Identified the +4 ring mail "Basy" {Slay+6}
 75408 | Zot:3    | Reached skill level 27 in Axes
 76403 | Zot:3    | Identified the +2 shortbow of a sewer {freeze, Will+ MP+9
                  | Int+2}
 76636 | Zot:3    | Reached XP level 26. HP: 146/239 MP: 20/20
 78314 | Zot:5    | Entered Level 5 of the Realm of Zot
 78922 | Zot:5    | Noticed an orb of fire
 78924 | Zot:5    | Gained mutation: Your natural rate of healing is unusually
                  | fast. [an orb of fire]
 78932 | Zot:5    | Killed an orb of fire
 78956 | Zot:5    | Noticed an orb of fire
 78965 | Zot:5    | Killed an orb of fire
 78979 | Zot:5    | Noticed a dread lich
 78980 | Zot:5    | Noticed an ancient lich
 78980 | Zot:5    | Noticed an orb of fire
 78995 | Zot:5    | Killed an orb of fire
 78999 | Zot:5    | Killed a dread lich
 78999 | Zot:5    | Noticed a dread lich
 79002 | Zot:5    | Killed a dread lich
 79006 | Zot:5    | Killed an ancient lich
 79007 | Zot:5    | Noticed an ancient lich
 79014 | Zot:5    | Killed an ancient lich
 79069 | Zot:5    | Noticed a dread lich
 79074 | Zot:5    | Killed a dread lich
 79354 | Zot:5    | Gained mutation: You occasionally shout uncontrollably at
                  | your foes. [mutagenic glow]
 79384 | Zot:5    | Gained mutation: You have large cloven feet. [mutagenic
                  | glow]
 80585 | Zot:5    | Got the Orb of Zot
 81021 | D:9      | Noticed Joes the pandemonium lord
 81034 | D:9      | Killed Joes the pandemonium lord
 81085 | D:8      | Noticed Woang the pandemonium lord
 81096 | D:8      | Killed Woang the pandemonium lord
 81324 | D:$      | Escaped with the Orb!

Illustrated notes

Levels and vault maps discovered:
D:1:      minmay_arrival_radiant_lines, layout_basic, corner_web_ring
D:2:      layout_rooms
D:3:      layout_loops_cross, nicolae_ru_sacrificial_ziggurat,
          grunt_ministairs_11
D:4:      layout_basic, minmay_temple_entry_mini_moons, serial_shops,
          nicolae_shop_tiny_real_fake_doors
D:5:      layout_rooms, cheibrodos_gnoll_hut, uniq_ijyb, uniq_prince_ribbit1
D:6:      layout_loops_ring, chequers_serial_rivers_small_3
D:7:      layout_rooms, nicolae_overflow_hallway_of_the_gods, enter_ossuary_3,
          ebering_ghost_xom
D:8:      layout_loops_ring, nicolae_doodle_vault, uniq_maggie
D:9:      layout_cave_pods, grunt_temple_overflow_opulence,
          due_lair_maze_entry_diamond, enter_bailey_4
D:10:     layout_roguey, serial_shops, shop
D:11:     layout_loops_ring, nicolae_qazlal_scattered_showers
D:12:     layout_rooms, minmay_orc_entry_guard_dogs
D:13:     layout_basic, ximxim_vaults_locker_room, gauntlet_entry_generic,
          nicolae_concentric_dashed_squares_mild
D:14:     layout_cave_pools, nicolae_trove_entry_free_sample,
          minmay_misc_feat_diagonals
D:15:     vault_1, layout_basic, lemuel_round_altar, nicolae_blasting_shop,
          bloody_trog
Lair:1:   layout_gridlike, ebering_ghost_inner_flame, grunt_megastairs_3,
          serial_bayou_shore_b, uniq_amaemon
Lair:2:   kb_forest_paths, layout_regular_city, alex1729_snake_entry_snake,
          portal_ice_cave_entry_ice_simulacra, minmay_shattered_shrine
Lair:3:   layout_roguey [special_room_mythical_zoo], minmay_swamp_entry_worms
Lair:4:   layout_loops_ring, nicolae_slime_entry_field_trip, serial_bayou,
          serial_bayou_lagoon_a, serial_bayou_crossing, serial_bayou_shore_a,
          serial_bayou_lagoon_b, serial_bayou_ford_a, serial_bayou_lake_a,
          disabler_island, uniq_snorg, uniq_rupert
Lair:5:   due_jungle_book, layout_regular_city, infiniplex_staircase_pool,
          uniq_nessos
Swamp:1:  nicolae_swamp_secret_spriggan_hideout, layout_basic_swamp,
          evilmike_swamp_ruin_wall
Swamp:2:  nicolae_swamp_flooded_prison, layout_basic_swamp,
          hangedman_swamp_blocks, nicolae_swamp_drake_lake,
          nicolae_swamp_decorative_isthmus
Swamp:3:  layout_basic_swamp, evilmike_swamp_ruin_house_1
Swamp:4:  byrel_swamp_growth_death_and_undeath, layout_basic_swamp,
          swamp_pool_1_2
Snake:1:  nicolae_snakescales, layout_layer_cave,
          hellmonk_ghost_happy_afterlife, basic_altar
Snake:2:  nicolae_snake_nest, layout_misc_corridors, basic_altar,
          nicolae_shop_vocational, minmay_shoptagon, lemuel_fruit_tree
Snake:3:  layout_misc_corridors, basic_altar, drop_trap, uniq_mlioglotl,
          uniq_nikola, uniq_louise
Snake:4:  grunt_snake_rune_pools, layout_cave_town, ebering_ghost_disaster_area,
          serial_shops, shop, nicolae_snake_slithery_hallway,
          nicolae_snake_gridmaze_spiral, uniq_vashnia, uniq_aizul
Orc:1:    layout_caves
Orc:2:    grunt_orc_tribal_feast, layout_caves, nicolae_volcano_entry_batcave,
          uniq_erolcha
Elf:1:    eino_elf_arrival_the_gate, layout_geoelf_octagon, serial_shops, shop,
          minmay_elf_necromancy, uniq_jorgrun
Elf:2:    elven_hall_of_blades_hangedman_original
          [nicolae_blade_entry_area_security], layout_geoelf_diagonals,
          serial_sigils, serial_sigils_hangedman_quiver,
          serial_sigils_hangedman_quiver, serial_sigils_hangedman_scar,
          serial_sigils_hangedman_scratch, uniq_roxanne
Elf:3:    minmay_elf_hall_not_hex, layout_loops_corners, serial_shops, shop,
          hellmonk_guarded_unrand_gyre_and_gimble
Vaults:1: vaults_standard_mumra_enter_the_diamond,
          nicolae_vaults_storage_closets_3, ontoclasm_vaults_fault,
          nicolae_vaults_heist, vaults_dpeg_emergency_exit,
          nicolae_vaults_little_ls, ontoclasm_vaults_gateway,
          layout_vaults_big_room, uniq_donald
Vaults:2: nicolae_vaults_closet_pinwheel_6, nicolae_vaults_shelves_hall,
          dpeg_vaults_monster_box, layout_vaults_omnigrid, uniq_asterion
Vaults:3: mu_enter_wizlab_2, nicolae_vaults_double_plus_2,
          nicolae_vaults_surprise_closet, vaults_dpeg_spiral,
          nicolae_vaults_mini_display_case, minmay_crypt_entry_simple_plaza,
          nicolae_vaults_storage_closets_2, nicolae_vaults_apartment_1,
          nicolae_vaults_disjoint_gnomons, nicolae_vaults_network_star,
          st_smaller_cells, nicolae_vaults_cochlea, vaults_dpeg_ring,
          layout_vaults_omnicross, uniq_xtahua
Vaults:4: nicolae_vaults_twisting_passages, v_rooms_2, ontoclasm_vaults_tryst,
          nicolae_vaults_taking_the_gang_shopping,
          nicolae_vaults_cornered_office, nicolae_vaults_circle_grid_b,
          nicolae_vaults_double_plus_3, nicolae_vaults_circle_grid_b,
          nicolae_vaults_closet_pinwheel_1, vaults_room_pool,
          nicolae_vaults_antechamber_and_loot_room, vaults_mumra_minichess,
          ontoclasm_vaults_misaligned, layout_vaults_omnibox,
          serial_magic_research, hangedman_research_thermodynamics,
          hangedman_research_thanatology, hangedman_research_convocations,
          hangedman_research_quantum, hangedman_research_pyrotechnics,
          serial_shops, bzr_entry_customers, uniq_mara
Vaults:5
Depths:1: layout_roguey, minmay_misc_feat_secret_circle,
          grunt_hell_entry_dis_grunt, roadster_trireme
Depths:2: nicolae_terramorphic_expanse [nicolae_terramorphic_quarter,
          nicolae_terramorphic_quarter, nicolae_terramorphic_quarter,
          nicolae_terramorphic_quarter, nicolae_terramorphic_quarter,
          nicolae_terramorphic_biome, nicolae_terramorphic_biome,
          nicolae_terramorphic_biome, nicolae_terramorphic_biome], layout_basic,
          hell_entry, nicolae_abyss_entry_one_way_or_another,
          rand_demon_pan_entry_8, basic_altar, door_vault,
          infiniplex_staircase_pillars_1, serial_bayou_shore_b, uniq_norris
Depths:3: minmay_the_grid_3x2 [minmay_the_grid_pillar_ring,
          minmay_the_grid_minigrid_small_alt, minmay_the_grid_all_tris,
          minmay_the_grid_square_x, minmay_the_grid_garden,
          minmay_the_grid_prize_trominoes], layout_twisted_cross,
          enter_ziggurat_e, chequers_serial_rivers_small_b,
          grunt_mini_vestibule, abyss_entry, okawaru_ov_weapons_minmay,
          infiniplex_staircase_spiral_double, uniq_jory
Depths:4: grunt_zot_entry_pinwheel, layout_cave_pools, hellmouth_1,
          serial_shops, bzr_firewalk, nicolae_shop_back_alley_shop,
          nicolae_zig_zag_zippers, ebering_dispersal_statue_hall
Zot:1:    grunt_deathspiral_small, layout_onion_interference
Zot:2:    lemuel_draconian_sentries, layout_basic,
          regret_index_zotdec_serpentine_coiled
Zot:3:    hangedman_zot_vaults_quadrants, layout_concentric_octagons,
          regret_index_zot_stipple_split
Zot:4:    layout_basic, nicolae_shop_clearance,
          regret_index_zotdec_twisting_globes
Zot:5:    layout_twisted_circle

Skill      XL: |  1  2  3  4  5  6  7  8  9 10 11 12 13 14 15 16 17 18 19 20 21 22 23 24 25 26 |
---------------+-------------------------------------------------------------------------------+-----
Fighting       | 4 5 7 8 10 11 14 20 22 25 27 | 27.0
Dodging        | 2 3 4 5 8 9 15 16 20 | 20.5
Evocations     | 1 2 5 7 10 13 17 | 17.0
Maces & Flails | 4 |  4.6
Axes           | 2 8 11 13 17 21 22 23 24 27 | 27.0
Shields        | 4 11 14 16 20 22 23 26 27 | 27.0
Stealth        | 0 |  0.0
Short Blades   | |  2.0

Action                     |  1- 3 |  4- 6 |  7- 9 | 10-12 | 13-15 | 16-18 | 19-21 | 22-24 | 25-27 || total
---------------------------+-------+-------+-------+-------+-------+-------+-------+-------+-------++-------
  Melee: Short sword       |   180 |   344 |    41 |       |       |       |       |       |       ||   565
         Tailslap          |    12 |    44 |    76 |   183 |   436 |   262 |   302 |   367 |   266 ||  1948
         Dagger            |       |       |   209 |       |       |       |       |       |       ||   209
         Mace              |       |       |    39 |     2 |    57 |       |       |       |       ||    98
         Hand axe          |       |       |   231 |   829 |  1115 |       |       |       |       ||  2175
         Whip              |       |       |       |       |   787 |       |       |       |       ||   787
         War axe           |       |       |       |       |    35 |    46 |       |       |       ||    81
         Broad axe         |       |       |       |       |     3 |  1392 |  1562 |  1442 |   988 ||  5387
  Throw: Throwing net      |       |       |       |       |       |     1 |     1 |     2 |       ||     4
 Invoke: Sacrifice Love    |       |       |     1 |       |       |       |       |       |       ||     1
         Sacrifice Essence |       |       |     1 |       |     1 |       |       |       |       ||     2
         Reject Sacrifices |       |       |       |     1 |       |       |       |       |       ||     1
         Sacrifice Health  |       |       |       |       |     1 |       |       |       |       ||     1
         Sacrifice Stealth |       |       |       |       |     1 |       |       |       |       ||     1
         Sacrifice Arcana  |       |       |       |       |     1 |       |       |       |       ||     1
         Sacrifice Forms   |       |       |       |       |     1 |       |       |       |       ||     1
         Apocalypse        |       |       |       |       |       |     2 |     2 |     4 |     2 ||    10
         Draw Out Power    |       |       |       |       |       |       |       |       |     1 ||     1
Ability: Mud Breath        |       |       |     2 |     2 |     8 |       |       |       |       ||    12
  Evoke: Wand              |       |     1 |     9 |     6 |    12 |     1 |     1 |     2 |    13 ||    45
         Gell's gravitambo |       |       |       |       |       |     1 |       |       |       ||     1
    Use: Scroll            |     2 |     6 |     4 |     8 |    15 |    14 |     6 |     9 |     5 ||    69
         Potion            |     1 |     4 |     1 |     3 |     4 |       |     5 |     6 |     9 ||    33
   Stab: Sleeping          |    13 |     8 |     7 |     1 |    11 |       |       |       |       ||    40
         Distracted        |     1 |     2 |     1 |     4 |    10 |     6 |    10 |    11 |     8 ||    53
         Invisible         |       |     3 |     1 |     1 |     6 |     4 |    15 |    12 |    22 ||    64
         Petrified         |       |       |       |       |     1 |       |       |       |       ||     1
         Paralysed         |       |       |       |       |       |    12 |     5 |    11 |     1 ||    29
         Held in net/web   |       |       |       |       |       |       |       |     1 |     1 ||     2
 Armour: Skin              |    81 |   177 |   306 |   364 |   548 |   384 |   417 |   416 |   389 ||  3082
  Dodge: Dodged            |   103 |   177 |   318 |   289 |   325 |   230 |   281 |   260 |   236 ||  2219
  Block: Other             |    41 |    79 |   107 |     6 |       |       |       |       |       ||   233
         Reflection        |     1 |       |     2 |    11 |    41 |   180 |   101 |    63 |     6 ||   405
         Buckler           |       |       |       |   264 |       |       |       |       |       ||   264
         Tower shield      |       |       |       |   112 |  1750 |  1521 |  1410 |  1238 |       ||  6031
         Kite shield       |       |       |       |       |       |       |       |    42 |   647 ||   689

Table legend: (Time is in decaauts)
 A = Elapsed time spent in this place.
 B = Non-inter-level travel time spent in this place.
 C = Inter-level travel time spent in this place.
 D = Time resting spent in this place.
 E = Time spent auto-exploring this place.
 F = Levels seen in this place.
 G = Mean time per level.
                   A        B        C        D        E       F      G
               +--------+--------+--------+--------+--------+-----+--------+
         Total |  79110 |  73943 |   5167 |  23099 |  34108 |  55 | 1438.4 |
       Dungeon |  18988 |  16315 |   2673 |   4134 |   7888 |  15 | 1265.9 |
          Lair |  10342 |   9779 |    563 |   3262 |   4431 |   5 | 2068.4 |
         Swamp |   4453 |   4283 |    170 |   1539 |   1941 |   4 | 1113.2 |
     Snake Pit |   5784 |   5471 |    313 |   1250 |   3098 |   4 | 1446.0 |
  Orcish Mines |   1296 |   1079 |    217 |     84 |    703 |   2 |  648.0 |
   Elven Halls |   4870 |   4697 |    173 |   1468 |   2350 |   3 | 1623.3 |
        Vaults |   8174 |   7794 |    380 |   1403 |   4210 |   5 | 1634.8 |
        Depths |   6945 |   6613 |    332 |   1793 |   3496 |   4 | 1736.2 |
           Zot |  11049 |  10708 |    341 |   4632 |   4353 |   5 | 2209.8 |
         Abyss |   1419 |   1419 |      0 |    998 |    136 |   1 | 1419.0 |
        Bazaar |    442 |    442 |      0 |      0 |    286 |   2 |  221.0 |
        Bailey |    727 |    727 |      0 |    341 |    106 |   1 |  727.0 |
      Ice Cave |   2584 |   2584 |      0 |   1372 |    638 |   1 | 2584.0 |
       Volcano |    303 |    303 |      0 |      0 |    149 |   1 |  303.0 |
        Wizlab |   1281 |   1281 |      0 |    735 |    182 |   1 | 1281.0 |
      Gauntlet |    445 |    445 |      0 |     85 |    141 |   1 |  445.0 |
               +--------+--------+--------+--------+--------+-----+--------+

Top non-repeatable levels by time:
   Zot:1: 3594 daAuts
  Lair:5: 3011 daAuts
  Lair:2: 2830 daAuts
Depths:2: 2689 daAuts
    D:15: 2658 daAuts
   IceCv: 2584 daAuts
Vaults:5: 2392 daAuts
Vaults:4: 2194 daAuts
   Zot:5: 2172 daAuts
     D:4: 2097 daAuts
   Zot:4: 1966 daAuts
 Snake:4: 1958 daAuts
Depths:3: 1922 daAuts
   Zot:3: 1855 daAuts
     D:8: 1841 daAuts
